AoeStats
← Lubuntu10.04LTS

Black Forest

510730675Analyzed
4v4 RM · 17h ago on Oct 2, 2026· 48m 47s· 8 players
Game mode
Random Map
Map size
Large (8 player)
Population
200
Speed
Normal
Resources
Standard
Victory
Conquest
Starting age
Dark Age
Ending age
Imperial Age
RankedLock teamsTeams togetherTeam positionsShared explorationLock speedFull tech treeHidden civsTurbo modeCheats
Victory
Defeat
🇧🇷 Georgians · Brazil
923
+10
901
+11
🇭🇰 Persians · Hong Kong SAR China
859
+13
🇯🇵 Portuguese · Japan
800
+15
🇫🇷 Chinese · France
865
-15
🇦🇷 Teutons · Argentina
799
-25
🇮🇳 Byzantines · India
787
-12
🇮🇱 Ethiopians · Israel
685
-9
Gosu
9:30 Feudal Age
9:57 Double-Bit Axe
11:59 Horse Collar
14:48 Gold Mining
20:19 Castle Age
21:46 Bow Saw
21:39 Heavy Plow
21:42 Squires
24:31 Scale Mail Armor
26:47 Pikeman
28:16 Gold Shaft Mining
32:29 Imperial Age
30:38 Wheelbarrow
31:36 Caravan
32:08 Chain Mail Armor
32:04 Forging
31:44 Fletching
32:08 Masonry
32:01 Stone Mining
32:23 Elite Skirmisher
33:08 Thumb Ring
35:01 Two-Man Saw
34:27 Ballistics
35:07 Chemistry
34:39 Architecture
34:11 Heavy Rocket Cart
36:27 Stone Shaft Mining
36:47 Conscription
35:58 Halberdier
37:20 Iron Casting
37:34 Hand Cart
37:04 Loom
37:05 Town Watch
38:23 Town Patrol
38:54 Plate Mail Armor
38:24 Bodkin Arrow
38:03 Man-at-Arms
38:38 Long Swordsman
40:59 Rocketry
40:02 Two-Handed Swordsman
40:29 Arson
41:57 Blast Furnace
40:58 Padded Archer Armor
41:47 Bombard Tower
41:23 Murder Holes
41:01 Champion
48:03 Elite Fire Lancer
uthman ibn affan
14:08 Feudal Age
23:15 Castle Age
21:14 Horse Collar
21:48 Double-Bit Axe
28:56 Heavy Plow
29:53 Gold Mining
30:42 Bow Saw
36:54 Squires
39:36 Imperial Age
38:46 Wheelbarrow
39:38 Padded Archer Armor
39:39 Scale Mail Armor
41:30 Chemistry
40:50 Ballistics
41:12 Hand Cart
42:54 Halberdier
43:53 Leather Archer Armor
43:54 Chain Mail Armor
43:30 Fletching
45:12 Onager
45:39 Heavy Cavalry Archer
xxbysnipxx
12:21 Feudal Age
16:55 Castle Age
14:43 Double-Bit Axe
16:15 Stone Mining
16:41 Horse Collar
18:05 Wheelbarrow
30:33 Imperial Age
28:19 Hand Cart
28:20 Heavy Plow
28:24 Scale Mail Armor
28:32 Scale Barding Armor
28:37 Forging
29:09 Caravan
30:04 Gold Mining
30:29 Bow Saw
31:45 Elite Varangian Guard
32:27 Squires
34:58 Conscription
35:06 Scale Mail Armor
35:41 Iron Casting
36:58 Crop Rotation
36:55 Logistica
37:10 Elite Cataphract
39:23 Two-Man Saw
38:11 Heavy Camel Rider
40:15 Guilds
41:08 Chain Barding Armor
41:04 Chain Mail Armor
juanmanuel.cruce
1:26 Loom
12:08 Feudal Age
19:16 Double-Bit Axe
24:40 Castle Age
22:26 Horse Collar
26:19 Squires
27:50 Bow Saw
28:46 Caravan
28:39 Pikeman
30:38 Forging
31:06 Gambesons
34:36 Imperial Age
36:21 Chemistry
35:33 Fortified Wall
35:10 Arrowslits
37:29 Cavalier
PsicoDelico
9:22 Loom
11:56 Feudal Age
12:20 Horse Collar
12:32 Double-Bit Axe
14:41 Wheelbarrow
18:49 Castle Age
19:30 Heavy Plow
19:46 Bow Saw
21:01 Hand Cart
30:47 Caravan
34:22 Town Watch
35:10 Gold Mining
35:12 Stone Mining
36:16 Coinage
36:53 Stone Shaft Mining
38:57 Imperial Age
36:50 Svan Towers
37:32 Husbandry
37:42 Bloodlines
37:48 Forging
37:44 Scale Barding Armor
39:26 Iron Casting
38:44 Fletching
40:08 Conscription
39:29 Elite Monaspa
41:35 Aznauri Cavalry
41:45 Town Patrol
42:17 Crop Rotation
43:41 Blast Furnace
43:01 Chain Barding Armor
42:37 Bodkin Arrow
47:11 Plate Barding Armor
友军有难不动如山
0:28 Loom
13:07 Feudal Age
13:44 Double-Bit Axe
19:23 Castle Age
18:04 Horse Collar
20:42 Bow Saw
21:12 Heavy Plow
22:06 Wheelbarrow
21:29 Stone Mining
21:29 Gold Mining
26:21 Hand Cart
32:18 Imperial Age
31:29 Padded Archer Armor
31:20 Fletching
34:22 Chemistry
32:47 Elite Elephant Archer
33:32 Thumb Ring
33:45 Leather Archer Armor
33:26 Bodkin Arrow
33:55 Ballistics
34:39 Two-Man Saw
34:24 Wootz Steel
34:25 Conscription
34:13 Medical Corps
34:53 Caravan
36:15 Ring Archer Armor
35:46 Bracer
35:09 Elite Skirmisher
40:24 Forging
40:15 Scale Mail Armor
41:14 Fortified Wall
Lubuntu10.04LTS
8:43 Loom
12:43 Feudal Age
13:19 Horse Collar
13:27 Double-Bit Axe
15:27 Wheelbarrow
19:44 Castle Age
17:39 Gold Mining
24:05 Imperial Age
22:24 Bow Saw
22:42 Stone Mining
26:57 Two-Man Saw
29:16 Heavy Plow
29:36 Hand Cart
30:43 Chemistry
30:02 Town Watch
31:26 Town Patrol
31:20 Fletching
31:31 Padded Archer Armor
33:10 Siege Engineers
35:53 Leather Archer Armor
35:34 Bodkin Arrow
35:45 Scale Barding Armor
35:22 Treadmill Crane
36:05 Bombard Tower
37:00 Ring Archer Armor
37:04 Coinage
37:28 Bracer
37:48 Chain Barding Armor
38:19 Crop Rotation
38:03 Masonry
38:16 Ballistics
38:11 Forging
38:58 Arquebus
39:19 Conscription
42:39 Banking
42:48 Plate Barding Armor
42:14 Scale Mail Armor
42:50 Iron Casting
42:47 Architecture
42:13 Murder Holes
42:29 Fortified Wall
旺旺
11:37 Feudal Age
12:09 Double-Bit Axe
20:14 Castle Age
18:51 Stone Mining
18:49 Horse Collar
20:02 Gold Mining
20:48 Heavy Plow
21:04 Bow Saw
29:25 Imperial Age
27:51 Wheelbarrow
29:48 Hand Cart
30:49 Two-Man Saw
30:25 Crop Rotation
32:11 Scale Barding Armor
32:17 Forging
35:14 Chain Barding Armor
35:30 Iron Casting
34:55 Scale Mail Armor
36:20 Plate Barding Armor
35:46 Scale Mail Armor
36:22 Elite War Elephant
37:26 Conscription
39:06 Chain Mail Armor
39:51 Blast Furnace
40:34 Arson
40:54 Squires
40:15 Pikeman
43:18 Halberdier
47:32 Plate Mail Armor
Connection lost

Rejoining the realm…

Still unreachable

The connection could not be restored.

Session expired

The server has moved on; the page needs a fresh start.